 Dungeon Crawl Stone Soup version 0.22-a0-322-g60b3cfd (webtiles) character file.

1771 sankara the Ruffian (level 8, -3/63 HPs)
             Began as a Minotaur Transmuter on Apr 2, 2018.
             Was a Believer of Okawaru.
             Slain by an orc warrior
             ... wielding a +0 mace
              (7 damage)
             ... on level 6 of the Dungeon.
             The game lasted 00:22:29 (6592 turns).

sankara the Ruffian (Minotaur Transmuter)           Turns: 6592, Time: 00:22:30

Health: -3/63      AC: 11    Str: 14    XL:     8   Next: 80%
Magic:  1/9        EV: 16    Int: 12    God:    Okawaru [**....]
Gold:   176        SH:  0    Dex: 12    Spells: 3/9 levels left

rFire    . . .     SeeInvis .     - Unarmed
rCold    . . .     Gourm    .   (no shield)
rNeg     . . .     Faith    .   J - +0 robe {MR+}
rPois    .         Spirit   .   (helmet restricted)
rElec    .         Reflect  .   i - +2 cloak
rCorr    .         Harm     .   (no gloves)
MR       +....                  (boots currently unavailable)
Stlth    +++.......             (no amulet)
HPRegen  0.20/turn              h - +6 ring of protection
MPRegen  0.11/turn              (no ring)

@: appendage, heroism, very slightly contaminated
A: retaliatory headbutt, horns 2, talons 3
a: End Transformation, Heroism, Renounce Religion


You were on level 6 of the Dungeon.
You worshipped Okawaru.
Okawaru was pleased with you.
You were not hungry.
You had grown temporary talons.
You visited 1 branch of the dungeon, and saw 6 of its levels.

You collected 176 gold pieces.

Inventory:

Hand Weapons
 b - a +0 hunting sling
   (You took it off a goblin on level 3 of the Dungeon)
 y - a +0 blowgun
   (You took it off a kobold on level 3 of the Dungeon)
Missiles
 a - 57 arrows
 e - 15 sling bullets
 g - 128 stones
 z - 54 poisoned needles
 B - 2 javelins
 C - 4 tomahawks (quivered)
 G - 2 curare-tipped needles
Armour
 i - a +2 cloak (worn)
   (You found it on level 1 of the Dungeon)
 j - a +0 pair of boots
   (You found it on level 1 of the Dungeon)
 E - the +5 chain mail of the Shining Light {MR+ Dex+2, unknown}
   (You found it on level 5 of the Dungeon)

   It affects your dexterity (+2).
   It affects your resistance to hostile enchantments.
 J - a +0 robe of magic resistance (worn)
   (You took it off an orc wizard on level 6 of the Dungeon)
Jewellery
 h - a +6 ring of protection (left hand)
   (You found it on level 1 of the Dungeon)
Wands
 D - a wand of iceblast (5)
   (You found it on level 4 of the Dungeon)
 F - a wand of disintegration (10)
   (You took it off a crimson imp on level 5 of the Dungeon)
Scrolls
 f - 4 scrolls of identify
 k - 3 scrolls of enchant armour
 n - 2 scrolls of magic mapping {unknown}
 o - 4 scrolls of teleportation {unknown}
 p - a scroll of amnesia
 s - a scroll of remove curse
 t - a scroll of blinking {unknown}
 x - 2 scrolls of enchant weapon {unknown}
 A - a scroll of fear {unknown}
Potions
 c - a potion of curing
 l - a potion of ambrosia
 m - a potion of magic {unknown}
 q - 2 potions of might
 r - 3 potions of flight
 u - a potion of degeneration {unknown}
 w - a potion of heal wounds
 H - 2 potions of cancellation {unknown}
Comestibles
 d - 7 rations
 I - 11 chunks of flesh {@w0}


   Skills:
 - Level 3.0(8.0) Fighting
 + Level 2.7(7.7) Throwing
 - Level 3.0(8.0) Dodging
 - Level 2.0(7.0) Stealth
 + Level 7.9(12.9) Unarmed Combat
 - Level 1.3 Spellcasting
 + Level 5.6 Transmutations
 - Level 3.0 Invocations
 - Level 2.0 Evocations


You had 3 spell levels left.
You knew the following spells:

 Your Spells              Type           Power        Failure   Level  Hunger
a - Beastly Appendage     Tmut           ##....       2%          1    ##.....
b - Sticks to Snakes      Tmut           ##......     4%          2    ###....
c - Spider Form           Tmut/Pois      #.........   26%         3    ####...


Dungeon Overview and Level Annotations

Branches:
Dungeon (6/15)
 Temple: D:4-7

Altars:
Dithmenos
Elyvilon
Fedhas
Okawaru
The Shining One

Shops:
D:5 (


Innate Abilities, Weirdness & Mutations

You reflexively headbutt those who attack you in melee.
You have a pair of horns on your head.
You have claws for feet.


Message History

Okawaru accepts your kill.
No target in view!
No target in view!
You now have 176 gold pieces (gained 15).
Things that are here:
a flail; a ring mail; an orc corpse You butcher the orc corpse.
I - 12 chunks of flesh {@w0} (gained 1)
Things that are here:
a flail; a ring mail You open the door.
A shadow imp comes into view.
The shadow imp moves out of view.
Found a shadowy altar of Dithmenos.
The shadow imp hits you but does no damage.
There is an open door here.
A shadow imp is nearby!
You bite the shadow imp!
You kill the shadow imp!
No target in view!
Your transformation has ended.
Your +2 cloak unmelds from your body.
Your +0 robe of magic resistance unmelds from your body.
You feel resistant to hostile enchantments.
An orc and an orc warrior come into view.
Casting: Spider Form (safe; 26% risk of failure)
Confirm with . or Enter, or press ? or * to list all spells.
You miscast Spider Form.
You are very lightly contaminated with residual magic.
Your vision is briefly tinged with green.
You are feeling hungry.
Casting: Spider Form (safe; 26% risk of failure)
Confirm with . or Enter, or press ? or * to list all spells.
You miscast Spider Form.
Your vision is briefly tinged with green.
The orc shouts!
The orc warrior shouts!
There is an open door here.
You close the door.
You start resting.
Eating one of 12 chunks of flesh {@w0}.
You eat one of the 12 chunks of flesh {@w0}.
This raw flesh tastes terrible.
An orc warrior opens the door.
It is wielding a mace.
There is a shadowy altar of Dithmenos here.
Casting: Spider Form (safe; 26% risk of failure)
Confirm with . or Enter, or press ? or * to list all spells.
Your feet morph into talons.
You hit the orc warrior.
You headbutt the orc warrior, but do no damage.
The orc warrior is lightly wounded.
The orc warrior misses you.
You completely miss the orc warrior.
The orc warrior is lightly wounded.
You hit the orc warrior. Your kick misses the orc warrior.
Your headbutt misses the orc warrior.
The orc warrior is moderately wounded.
The orc warrior hits you with a mace. The orc misses you.
You punch the orc warrior!
You claw the orc warrior, but do no damage.
The orc warrior is heavily wounded.
The orc warrior hits you with a mace! The orc barely misses you.
You furiously retaliate!
You headbutt the orc. You barely miss the orc warrior.
The orc warrior is heavily wounded.
You hit the orc warrior.
The orc warrior is severely wounded.
The orc warrior hits you with a mace!! The orc barely misses you.
You furiously retaliate!
You headbutt the orc. You barely miss the orc warrior.
The orc warrior is severely wounded.
The orc warrior closely misses you. The orc barely misses you.
You hit the orc warrior but do no damage.
You headbutt the orc warrior, but do no damage.
The orc warrior is severely wounded.
The orc warrior misses you.
You closely miss the orc warrior. Your kick misses the orc warrior.
You headbutt the orc warrior.
The orc warrior is severely wounded.
The orc barely misses you.
You barely miss the orc warrior.
The orc warrior is severely wounded.
The orc warrior closely misses you. The orc barely misses you.
You closely miss the orc warrior. Your kick misses the orc warrior.
The orc warrior is severely wounded.
The orc warrior hits you with a mace! The orc closely misses you.
You closely miss the orc warrior. Your kick misses the orc warrior.
The orc warrior is severely wounded.
You barely miss the orc warrior.
The orc warrior is severely wounded.
The orc warrior hits you but does no damage.
The orc closely misses you.
You closely miss the orc warrior.
The orc warrior is severely wounded.
The orc warrior hits you with a mace.
* * * LOW HITPOINT WARNING * * *
The orc hits you with a flail!
* * * LOW HITPOINT WARNING * * *
You gain the combat prowess of a mighty hero.
The orc warrior hits you with a mace!
You die...

.# #.....#
#.....#
##.##.####
#.#.....##
#..........#
#.........##
#..#####..#
#.)#...#....
##..'.o@# .#.
#####...#.o.# #
........#####...
#####.#...oo....
####.....##.
#######


You could see an orc warrior and an orc.

Vanquished Creatures
  The ghost of xccam the Chopper, an amateur FoFi (D:4)
  A black bear (D:4)
  An ice beast (D:5)
  2 ogres
  2 centaurs
  A big kobold (D:4)
  2 bullfrogs
  2 scorpions (D:5)
  A water moccasin skeleton (D:6)
  2 crimson imps (D:5)
  4 orc priests
  2 centaur skeletons (D:4)
  7 orc wizards
  An iguana (D:5)
  3 worker ants
  7 adders
  2 shadow imps (D:6)
  An ooze (D:4)
  5 worms
  2 dart slugs
  4 leopard geckos
  31 orcs
  2 ball pythons
  9 bats
  4 giant cockroaches
  9 goblins
  9 hobgoblins
  9 jackals
  3 quokkas
  13 frilled lizards
  27 kobolds
  A quokka skeleton (D:4)
  14 rats
184 creatures vanquished.

Vanquished Creatures (others)
  A kobold (D:4)
  A plant (D:4)
2 creatures vanquished.

Grand Total: 186 creatures vanquished

Notes
Turn   | Place    | Note
-------+----------+-------------------------------------------
     0 | D:1      | sankara the Minotaur Transmuter began the quest for the Orb.
     0 | D:1      | Reached XP level 1. HP: 16/16 MP: 1/1
   190 | D:1      | Reached skill level 2 in Transmutations
   190 | D:1      | Reached XP level 2. HP: 23/23 MP: 0/3
   659 | D:1      | Learned a level 2 spell: Sticks to Snakes
   668 | D:1      | Reached skill level 4 in Unarmed Combat
   694 | D:1      | Reached XP level 3. HP: 28/28 MP: 2/4
  1100 | D:2      | Reached XP level 4. HP: 24/35 MP: 3/5
  1387 | D:2      | Found a white marble altar of Elyvilon.
  1442 | D:2      | Reached skill level 3 in Transmutations
  1448 | D:2      | Found an iron altar of Okawaru.
  1460 | D:2      | Became a worshipper of Warmaster Okawaru
  1898 | D:2      | Found a blossoming altar of Fedhas.
  2150 | D:3      | Reached skill level 5 in Unarmed Combat
  2180 | D:3      | Noticed an ogre
  2189 | D:3      | Killed an ogre
  2189 | D:3      | Reached XP level 5. HP: 40/40 MP: 4/6
  2289 | D:3      | Learned a level 3 spell: Spider Form
  2521 | D:3      | Reached * piety under Okawaru
  2521 | D:3      | Reached XP level 6. HP: 35/47 MP: 7/7
  2827 | D:4      | Reached skill level 4 in Transmutations
  2851 | D:4      | Reached skill level 6 in Unarmed Combat
  2903 | D:4      | HP: 2/47 [centaur/glaive (20)]
  3295 | D:4      | Reached XP level 7. HP: 52/52 MP: 5/8
  3330 | D:4      | Noticed xccam's ghost (amateur FoFi)
  3359 | D:4      | Killed xccam's ghost
  3359 | D:4      | Reached ** piety under Okawaru
  3359 | D:4      | Reached skill level 1 in Invocations
  3701 | D:4      | Reached skill level 2 in Invocations
  3767 | D:4      | Found a glowing golden altar of the Shining One.
  3790 | D:4      | Reached skill level 7 in Unarmed Combat
  3862 | D:4      | HP: 9/52 [centaur/arrow (9)]
  3863 | D:4      | HP: 1/52 [centaur/arrow (8)]
  3871 | D:4      | HP: 9/52 [centaur/uncursed glaive (1)]
  3874 | D:4      | Reached skill level 5 in Transmutations
  4602 | D:5      | Entered Level 5 of the Dungeon
  5303 | D:5      | Reached XP level 8. HP: 55/60 MP: 7/9
  5422 | D:5      | Reached skill level 1 in Throwing
  5427 | D:5      | Found Nerochop's Weapon Emporium.
  5429 | D:5      | Got an ichor-stained chain mail
  5598 | D:5      | Reached skill level 2 in Fighting
  5598 | D:5      | Reached skill level 1 in Stealth
  5598 | D:5      | Reached skill level 1 in Evocations
  5673 | D:5      | Reached skill level 3 in Invocations
  5736 | D:5      | Reached skill level 3 in Dodging
  6327 | D:6      | Reached skill level 2 in Throwing
  6338 | D:6      | Reached skill level 3 in Fighting
  6357 | D:6      | Reached skill level 2 in Stealth
  6363 | D:6      | Reached skill level 2 in Evocations
  6561 | D:6      | Found a shadowy altar of Dithmenos.
  6591 | D:6      | HP: 13/63 [orc warrior/mace (6)]
  6591 | D:6      | HP: 4/63 [orc/flail (9)]
  6592 | D:6      | Slain by an orc warrior

Vault maps used:
D:1:      minmay_arrival_up_and_down, kennysheep_nondescript, minmay_lizard_king
D:2:      lemuel_coloured_pillars_altar, marbit_many_paths, serial_forest,
          infiniplex_forest_lined_corner, infiniplex_forest_straight_2,
          infiniplex_forest_clump_cross, infiniplex_forest_join,
          infiniplex_forest_clump_double, infiniplex_forest_3_way,
          infiniplex_forest_end_1, infiniplex_forest_lined_4_way,
          grunt_ministairs_5, fedhas_altar_fruit_tree
D:4:      kennysheep_kobold_camp, tso_altar
D:5:      serial_shops, nicolae_shop_competitors_out_of_business, first_ration
D:6:      lemuel_round_altar, grunt_temple_overflow_cloverleaf,
          grunt_dithmenos_shadows

Skill      XL: |  1  2  3  4  5  6  7  8 |
---------------+-------------------------+-----
Transmutations | 2 3 4 5 |  5.6
Unarmed Combat | 4 5 6 7 |  7.9
Invocations    | 2 3 |  3.0
Throwing       | 2 |  2.7
Fighting       | 3 |  3.0
Stealth        | 2 |  2.0
Evocations     | 2 |  2.0
Dodging        | 3 |  3.0
Spellcasting   | |  1.3

Action                   |  1- 3 |  4- 6 |  7- 9 || total
-------------------------+-------+-------+-------++-------
Melee: Unarmed           |   102 |   131 |   210 ||   443
       Headbutt          |     4 |    17 |    14 ||    35
       Kick              |    16 |    24 |    21 ||    61
       Hunting sling     |       |       |     5 ||     5
       Punch             |       |       |     1 ||     1
 Fire: Hunting sling     |       |    50 |    28 ||    78
 Cast: Beastly Appendage |    19 |    23 |    18 ||    60
       Spider Form       |       |       |    15 ||    15
       Sticks to Snakes  |       |       |     1 ||     1
Invok: Heroism           |       |       |     1 ||     1
  Use: Scroll            |       |       |     6 ||     6
       Potion            |       |       |     3 ||     3
 Stab: Sleeping          |       |     1 |     1 ||     2
  Eat: Chunk             |     1 |     8 |    15 ||    24
Armor: Robe              |    29 |    70 |    34 ||   133
       Skin              |       |       |    21 ||    21
Dodge: Dodged            |    53 |    99 |   215 ||   367

Table legend:
 A = Spawn XP
 B = Non-spawn XP
 C = Spawn XP percentage of total XP
 D = Spawn monster count
 E = Non-spawn monster count
 F = Spawn count percentage of total count
 G = Total turns spent on level
                    A         B        C        D         E        F      G
               +---------+---------+-------+---------+---------+-------+---------
         Total |       0 |    2531 |   0.0 |       0 |     184 |   0.0 |  6592
               +---------+---------+-------+---------+---------+-------+---------
           D:1 |       0 |      43 |   0.0 |       0 |      27 |   0.0 |   870
           D:2 |       0 |     127 |   0.0 |       0 |      31 |   0.0 |  1234
           D:3 |       0 |     294 |   0.0 |       0 |      39 |   0.0 |  1010
           D:4 |       0 |     750 |   0.0 |       0 |      38 |   0.0 |  1600
           D:5 |       0 |     827 |   0.0 |       0 |      23 |   0.0 |  1400
           D:6 |       0 |     490 |   0.0 |       0 |      26 |   0.0 |   478
               +---------+---------+-------+---------+---------+-------+---------

Vault maps used:
D:1:      minmay_arrival_up_and_down, kennysheep_nondescript, minmay_lizard_king
D:2:      lemuel_coloured_pillars_altar, marbit_many_paths, serial_forest,
          infiniplex_forest_lined_corner, infiniplex_forest_straight_2,
          infiniplex_forest_clump_cross, infiniplex_forest_join,
          infiniplex_forest_clump_double, infiniplex_forest_3_way,
          infiniplex_forest_end_1, infiniplex_forest_lined_4_way,
          grunt_ministairs_5, fedhas_altar_fruit_tree
D:4:      kennysheep_kobold_camp, tso_altar
D:5:      serial_shops, nicolae_shop_competitors_out_of_business, first_ration
D:6:      lemuel_round_altar, grunt_temple_overflow_cloverleaf,
          grunt_dithmenos_shadows

Table legend:
 A = Turns spent in this place as a percentage of turns spent in the entire game.
 B = Non-inter-level travel turns spent in this place as a percentage of non-inter-level travel turns spent in the entire game.
 C = Inter-level travel turns spent in this place as a percentage of turns spent in this place.
 D = Turns resting spent in this place as a percentage of non-inter-level travel turns spent in this place.
 E = Turns spent auto-exploring this place as a percentage of non-inter-level travel turns spent in this place.
 F = Non-inter-level travel turns spent in this place divided by the number of levels of this place that you've seen.
                   A       B       C       D       E      F
               +-------+-------+-------+-------+-------+----------------------
         Total | 100.0 | 100.0 |   3.6 |  29.2 |  46.5 | 1059.3
       Dungeon | 100.0 | 100.0 |   3.6 |  29.2 |  46.5 | 1059.3
               +-------+-------+-------+-------+-------+----------------------

Table legend:
 A = Kills in this place as a percentage of kills in entire the game.
 B = Kills by you in this place as a percentage of kills by you in the entire game.
 C = Kills by friends in this place as a percentage of kills by friends in the entire game.
 D = Other kills in this place as a percentage of other kills in the entire game.
 E = Experience gained in this place as a percentage of experience gained in the entire game.
 F = Experience gained in this place divided by the number of levels of this place that you have seen.
                   A       B       C       D       E      F
               +-------+-------+-------+-------+-------+----------------------
         Total | 100.0 | 100.0 |   N/A |   N/A | 100.0 | 421.8
       Dungeon | 100.0 | 100.0 |   N/A |   N/A | 100.0 | 421.8
               +-------+-------+-------+-------+-------+----------------------
